 Dungeon Crawl Stone Soup version 0.29-a0-11-ga75d3d97ab (webtiles) character file.

Game seed: 92758887139258383

3 cyrus the Insei (level 1, -2/17 HPs)
             Began as a Djinni Transmuter on Jan 27, 2022.
             Slain by a hobgoblin (5 damage)
             ... on level 1 of the Dungeon on Jan 28, 2022.
             The game lasted 00:01:38 (424 turns).

cyrus the Insei (Djinni Transmuter)                  Turns: 424, Time: 00:01:39

Health: -2/17      AC:  2    Str:  9    XL:     1   Next: 55%
Gold:   0          EV: 12    Int: 14    God:
                   SH:  0    Dex: 13

rFire   + + .      SeeInvis .     - Unarmed
rCold   x . .      Faith    .   (no shield)
rNeg    . . .      Spirit   .   a - +0 robe
rPois   ∞          Reflect  .   (helmet currently unavailable)
rElec   .          Harm     .   (no cloak)
rCorr   .          Rampage  .   (no gloves)
Will    .....                   (boots unavailable)
Stlth   +.........              (no amulet)
HPRegen 0.05/turn               (no ring)
MPRegen 0.00/turn               (no ring)

@: appendages, flying
A: horns 2, flying, sickness immunity, fire resistance 2, cold vulnerability 1,
float, innate caster, hp casting, extra vitality 1
a: End Transformation


You were on level 1 of the Dungeon.
You had temporarily grown beastly horns.
You visited 1 branch of the dungeon, and saw 1 of its levels.

Inventory:

Armour
 a - a +0 robe (worn)
Scrolls
 c - a scroll of enchant armour {unknown}
Potions
 b - a potion of curing {unknown}


   Skills:
 + Level 1.0 Fighting
 + Level 2.1 Dodging
 + Level 3.1 Unarmed Combat
 + Level 1.6 Spellcasting


You couldn't memorise any spells.
You knew the following spells:

 Your Spells              Type           Power      Damage    Failure   Level
a - Beastly Appendage     Tmut           10%        N/A       12%         1
b - Wereblood             Tmut           5%         N/A       19%         2
c - Spider Form           Tmut/Pois      5%         N/A       36%         3
d - Ice Form              Ice/Tmut       5%         N/A       77%         4
Your spell library was empty.

Dungeon Overview and Level Annotations

Branches:
Dungeon (1/15)

Altars:


Innate Abilities, Weirdness & Mutations

You have temporarily grown beastly horns.
You are flying.
You are immune to sickness and miasma.
You are immune to poison.
Your flesh is very heat resistant. (rF++)
You are vulnerable to cold. (rC-)
You float through the air rather than walking.
You learn spells naturally, not from books.
Your magical power is your life essence.
You have superior vitality. (+4 MHP)


Message History

Cast which spell? (? or * to list)
You grow a pair of large bovine horns.
The bat barely misses you.
You hit the rat.
You kill the rat!
The bat barely misses you.
The kobold throws a stone.
The stone barely misses you. The bat closely misses you. The bat hits you.
Your transformation is almost over.
The bat hits you but does no damage.
The kobold throws a stone.
The stone barely misses you.
The stone barely misses the bat.
The bat closely misses you.
The kobold throws a stone.
The stone closely misses you. The bat barely misses you.
You barely miss the hobgoblin. The bat hits you but does no damage.
You closely miss the hobgoblin. Your headbutt misses the hobgoblin.
The bat hits you but does no damage. The hobgoblin barely misses you.
The kobold hits you with a +0 dagger of draining.
You closely miss the hobgoblin. The hobgoblin hits you. The bat misses you.
The kobold closely misses you.
You barely miss the hobgoblin.
You punch the hobgoblin, but do no damage.
The bat barely misses you. The bat hits you. The hobgoblin hits you.
* * * LOW HITPOINT WARNING * * *
The kobold misses you.
Welcome back, cyrus the Djinni Transmuter.
Press ? for a list of commands and other information.
The bat hits you but does no damage.
Cast which spell? (? or * to list)
You don't know that spell.
Cast which spell? (? or * to list)
You don't know that spell.
Cast which spell? (? or * to list)
You extend your transformation's duration.
* * * LOW HITPOINT WARNING * * *
The bat hits you but does no damage. The hobgoblin barely misses you.
The kobold hits you with a +0 dagger of draining.
* * * LOW HITPOINT WARNING * * *
The bat barely misses you. The hobgoblin hits you.
You die...

###########.....#r#.#.
#.......(.#............
#.........#.....#.#.#.#
#.........#>...........
#.........#.....#.#.#.#
#.........#...........
#.........#...K.#.#.#.#
#.........#...g........
#............@..#.#.#.#
#.........#...b........
#.........#.....#.#.#.#
#.........#.......#
###.....###......##
#..[..# ########
#.....# #.....########
#............#


You could see a hobgoblin, a bat and a kobold.

Vanquished Creatures
  A hobgoblin (D:1)
  A quokka (D:1)
  A rat (D:1)
3 creatures vanquished.

Notes
Turn   | Place    | Note
-------+----------+-------------------------------------------
     0 | D:1      | cyrus the Djinni Transmuter began the quest for the Orb.
     0 | D:1      | Reached XP level 1. HP: 17/17 MP: 0/0
   422 | D:1      | Upgraded the game from 0.29-a0-9-g022ca4c890 to
                  | 0.29-a0-11-ga75d3d97ab
   424 | D:1      | Slain by a hobgoblin

Illustrated notes

Levels and vault maps discovered:
D:1:      dpeg_arrival_leaves_temple_mockup, layout_basic, st_stairs_10

Action                   || total
-------------------------++-------
Melee: Unarmed           ||    13
       Punch             ||     1
 Cast: Beastly Appendage ||     2
Armor: Robe              ||    10
Dodge: Dodged            ||    27

Table legend: (Time is in decaauts)
 A = Elapsed time spent in this place.
 B = Non-inter-level travel time spent in this place.
 C = Inter-level travel time spent in this place.
 D = Time resting spent in this place.
 E = Time spent auto-exploring this place.
 F = Levels seen in this place.
 G = Mean time per level.
                   A        B        C        D        E       F      G
               +--------+--------+--------+--------+--------+-----+--------+
         Total |    423 |    423 |      0 |    302 |     30 |   1 |  423.0 |
       Dungeon |    423 |    423 |      0 |    302 |     30 |   1 |  423.0 |
               +--------+--------+--------+--------+--------+-----+--------+

Top non-repeatable levels by time:
     D:1: 423 daAuts
